 Dungeon Crawl Stone Soup version 0.27-a0-1137-g3ef0f4ec91 (webtiles) character file.

Game seed: 8386854732283972142

1492 kae the Slasher (level 8, -1/62 HPs)
             Began as a Demonspawn Abyssal Knight on May 6, 2021.
             Was a Follower of Lugonu.
             Slain by an iguana (9 damage)
             ... on level 6 of the Dungeon.
             The game lasted 00:04:20 (8383 turns).

kae the Slasher (Demonspawn Abyssal Knight)         Turns: 8383, Time: 00:04:20

Health: -1/62      AC:  1    Str: 16    XL:     8   Next: 51%
Magic:  12/12      EV: 10    Int: 13    God:    Lugonu [*.....]
Gold:   303        SH:  4    Dex: 12    Spells: 7/7 levels left

rFire    . . .     SeeInvis .   a - +3 falchion
rCold    . . .     Faith    .   (no shield)
rNeg     . . .     Spirit   .   k - +0 scale mail
rPois    .         Reflect  .   (no helmet)
rElec    .         Harm     .   (no cloak)
rCorr    .         Rampage  .   j - +0 pair of gloves
Will     .....                  (no boots)
Stlth    ..........             (no amulet)
HPRegen  0.20/turn              n - ring of wizardry
MPRegen  0.13/turn              (no ring)

@: mighty, corroded
A: hooves 1, powered by pain 2, sharp scales 1, condensation shield
a: Renounce Religion, Depart the Abyss


You were on level 6 of the Dungeon.
You worshipped Lugonu.
Lugonu was aware of your devotion.
You visited 1 branch of the dungeon, and saw 6 of its levels.
You visited the Abyss 1 time.

You collected 303 gold pieces.

Inventory:

Hand Weapons
 a - a +3 falchion (weapon)
Armour
 b - a +0 leather armour
 j - a +0 pair of gloves (worn)
 k - a +0 scale mail (worn)
Jewellery
 n - a ring of wizardry (left hand)
 p - a ring of protection from fire
 v - a +6 ring of strength
Wands
 m - a wand of flame (2)
 o - a wand of polymorph (6)
 x - a wand of mindburst (10)
Scrolls
 i - 4 scrolls of vulnerability
Potions
 c - a potion of invisibility
 e - a potion of attraction
 f - 3 potions of degeneration
 g - 3 potions of haste
 h - 2 potions of resistance
 l - a potion of ambrosia {unknown}
 q - a potion of lignification {unknown}
 u - a potion of brilliance {unknown}
 w - a potion of heal wounds {unknown}


   Skills:
 - Level 5.0 Fighting
 * Level 6.2 Long Blades
 - Level 4.0 Armour
 - Level 4.0 Dodging
 - Level 6.0 Invocations


You had 7 spell levels left.
You didn't know any spells.
Your spell library contained the following spells:

 Spells                   Type           Power      Damage    Failure   Level
 Corona                   Hex            0%         N/A       38%         1
 Blink                    Tloc           N/A        N/A       52%         2
 Slow                     Hex            0%         N/A       52%         2
 Inner Flame              Hex/Fire       0%         N/A       75%         3
 Lesser Beckoning         Tloc           0%         N/A       75%         3
 Portal Projectile        Hex/Tloc       0%         N/A       75%         3
 Cause Fear               Hex            0%         N/A       98%         4
 Leda's Liquefaction      Hex/Erth       0%         N/A       98%         4
 Disjunction              Tloc           0%         N/A       100%        8


Dungeon Overview and Level Annotations

Branches:
Dungeon (6/15)
 Temple: D:4-7

Altars:
Dithmenos
Sif Muna
Yredelemnul

Annotations:
D:3 exclusion: door


Innate Abilities, Weirdness & Mutations

You have large cloven feet.
You sometimes gain power by taking damage.
You are partially covered in razor-sharp scales. (AC +1, Slay +1)
A meltable shield of frost defends you. (SH +4)


Message History

The jelly is almost dead.
The jelly barely misses you.
You riposte.
You hit the jelly but do no damage.
The jelly is almost dead.
You hit the jelly.
You kill the jelly!
Lugonu accepts your kill.
Training target 4.0 for Dodging reached!
Your Dodging skill increases to level 4!
Found 18 gold pieces.
An iguana comes into view.
The iguana hisses angrily.
An ice beast comes into view.
Found an escape hatch in the floor.
You hit the iguana.
The iguana is lightly wounded.
The iguana bites you.
You hit the iguana. You kick the iguana, but do no damage.
The iguana is moderately wounded.
The iguana bites you!
You hit the iguana but do no damage.
The iguana is moderately wounded.
The iguana bites you.
You hit the iguana but do no damage.
The iguana is moderately wounded.
The iguana barely misses you.
You riposte.
You hit the iguana but do no damage.
The iguana is moderately wounded.
You barely miss the iguana. You kick the iguana, but do no damage.
The iguana is moderately wounded.
The iguana bites you!
* * * LOW HITPOINT WARNING * * *
You focus on the pain.
You feel very mighty all of a sudden.
You completely miss the iguana. You kick the iguana, but do no damage.
The iguana is moderately wounded.
The iguana bites you!
* * * LOW HITPOINT WARNING * * *
You barely miss the iguana.
The iguana is moderately wounded.
The iguana bites you!
You die...

#....#.##
#........
##...#.##
###########...#.#
#.........#####.#
#.........# #.#
#.........# ###.##
#.........###.....
#@................
#l........###.....
#...†.....# #.....
###........†#
#.....
#...........#
#.....
#...###.#####
#..... #...# #.#
###### #...# #.#
#........Y


You could see an iguana.

Vanquished Creatures
  Prince Ribbit (D:5)
  A water moccasin (D:5)
  A black bear (D:6)
  An ice beast (D:5)
  2 ogres
  A necrophage (D:5)
  2 phantoms (D:4)
  3 scorpions
  A water moccasin skeleton (D:4)
  A hound (D:5)
  A jelly (D:6)
  An orc priest (D:4)
  Natasha (thrice) (D:3)
  3 iguanas
  4 gnolls
  6 adders
  An adder skeleton (D:4)
  4 orcs
  2 ball pythons
  5 endoplasms
  2 giant cockroaches (D:4)
  8 goblins
  3 hobgoblins
  4 jackals (D:3)
  5 kobolds
  4 bats
  4 frilled lizards
  2 rats
76 creatures vanquished.

Vanquished Creatures (others)
  2 plants (D:2)
2 creatures vanquished.

Grand Total: 78 creatures vanquished

Notes
Turn   | Place    | Note
-------+----------+-------------------------------------------
     0 | Abyss:1  | kae the Demonspawn Abyssal Knight began the quest for the
                  | Orb.
     0 | Abyss:1  | Reached XP level 1. HP: 18/18 MP: 2/2
    49 | Abyss:1  | Noticed a raiju
    50 | D:1      | Escaped the Abyss
   320 | D:1      | Reached skill level 1 in Dodging
   438 | D:1      | Reached * piety under Lugonu
  1099 | D:2      | Gained mutation: You have large cloven feet. [demonic
                  | ancestry]
  1099 | D:2      | Reached XP level 2. HP: 20/24 MP: 3/3
  1297 | D:2      | Found a faded altar of an unknown god.
  1326 | D:2      | HP: 1/24 [poisoned by an adder]
  1327 | D:2      | Reached XP level 3. HP: 2/29 MP: 5/5
  2452 | D:3      | Noticed Natasha
  2654 | D:3      | Killed Natasha
  2655 | D:3      | Reached XP level 4. HP: 16/35 MP: 6/6
  2717 | D:3      | Noticed Natasha
  2835 | D:3      | Killed Natasha
  3265 | D:3      | Found a shimmering blue altar of Sif Muna.
  3483 | D:3      | Identified Femo's Grimoire of the Traveller
  3668 | D:3      | Noticed Natasha
  3673 | D:3      | Killed Natasha
  3674 | D:3      | Gained mutation: You sometimes gain a little power by
                  | taking damage. [demonic ancestry]
  3674 | D:3      | Reached XP level 5. HP: 32/41 MP: 7/7
  3962 | D:3      | Found a shadowy altar of Dithmenos.
  3962 | D:3      | Found a basalt altar of Yredelemnul.
  4469 | D:4      | Noticed an ogre
  4936 | D:4      | Gained mutation: A meltable shield of frost defends you.
                  | (SH +4) [demonic ancestry]
  4936 | D:4      | Reached XP level 6. HP: 27/48 MP: 7/9
  5210 | D:4      | Gained mutation: You are partially covered in razor-sharp
                  | scales. (AC +1, Slay +1) [demonic ancestry]
  5210 | D:4      | Reached XP level 7. HP: 9/54 MP: 10/10
  6415 | D:5      | Entered Level 5 of the Dungeon
  6557 | D:5      | Noticed Prince Ribbit
  6574 | D:5      | Killed Prince Ribbit
  6575 | D:5      | Reached skill level 5 in Long Blades
  6575 | D:5      | Reached skill level 5 in Invocations
  7010 | D:5      | Gained mutation: You sometimes gain power by taking damage.
                  | [demonic ancestry]
  7010 | D:5      | Reached XP level 8. HP: 49/60 MP: 10/12
  7495 | D:5      | Reached skill level 5 in Fighting
  8383 | D:6      | Slain by an iguana

Illustrated notes

Levels and vault maps discovered:
D:1:      minmay_arrival_hallway, layout_loops_cross, bh_walls_and_bars
D:2:      layout_basic, serial_forest, infiniplex_forest_clump_large,
          infiniplex_forest_join, infiniplex_forest_clump_double,
          infiniplex_forest_clump_curved, infiniplex_forest_lined_3_way,
          infiniplex_forest_zigzag_2, ebering_ecumenical_altar_sacrificial
D:3:      layout_loops_cross, led_sif_book, gammafunk_temple_overflow_elements,
          uniq_natasha
D:4:      layout_basic, minmay_between
D:5:      layout_basic, uniq_prince_ribbit1
D:6:      layout_basic, lightli_temple_of_fire, makhleb_blood_cavern_becter,
          portal_sewer_entry_f, enter_ossuary_5

Skill      XL: |  1  2  3  4  5  6  7  8 |
---------------+-------------------------+-----
Dodging        | 1 2 3 4 |  4.0
Long Blades    | 2 3 4 5 6 |  6.2
Armour         | 2 3 4 |  4.0
Invocations    | 3 4 5 6 |  6.0
Fighting       | 4 5 |  5.0

Action                   |  1- 3 |  4- 6 |  7- 9 || total
-------------------------+-------+-------+-------++-------
Melee: Falchion          |    98 |   143 |   117 ||   358
       Kick              |     5 |    44 |    37 ||    86
       Unarmed           |       |     5 |       ||     5
Throw: Throwing net      |       |     1 |       ||     1
Invok: Depart the Abyss  |     1 |       |       ||     1
Evoke: Wand              |       |       |    16 ||    16
  Use: Scroll            |     4 |     1 |     6 ||    11
       Potion            |     1 |     1 |     2 ||     4
 Stab: Sleeping          |     1 |       |       ||     1
       Held in net/web   |       |     1 |       ||     1
       Invisible         |       |       |     2 ||     2
Armor: Leather armour    |     7 |       |       ||     7
       Scale mail        |    51 |    61 |    41 ||   153
       Skin              |       |     3 |       ||     3
Dodge: Dodged            |    46 |    78 |    54 ||   178
Block: Other             |       |     7 |    15 ||    22
       Rpst.: Falchion   |    15 |    29 |    16 ||    60

Table legend: (Time is in decaauts)
 A = Elapsed time spent in this place.
 B = Non-inter-level travel time spent in this place.
 C = Inter-level travel time spent in this place.
 D = Time resting spent in this place.
 E = Time spent auto-exploring this place.
 F = Levels seen in this place.
 G = Mean time per level.
                   A        B        C        D        E       F      G
               +--------+--------+--------+--------+--------+-----+--------+
         Total |   8456 |   8158 |    298 |   1485 |   5754 |   7 | 1208.0 |
       Dungeon |   8406 |   8108 |    298 |   1485 |   5705 |   6 | 1401.0 |
         Abyss |     50 |     50 |      0 |      0 |     49 |   1 |   50.0 |
               +--------+--------+--------+--------+--------+-----+--------+

Top non-repeatable levels by time:
     D:4: 2029 daAuts
     D:3: 1943 daAuts
     D:2: 1620 daAuts
     D:5: 1619 daAuts
     D:1: 955 daAuts
     D:6: 237 daAuts
 Abyss:1: 50 daAuts
